 Dungeon Crawl Stone Soup version 0.23.2-1-ga50397a6bc (webtiles) character file.

Game seed: 11353514846762367390

3091 Foic the Grappler (level 9, -1/87 HPs)
             Began as a Troll Gladiator on May 14, 2019.
             Slain by a killer bee (9 damage)
             ... on level 7 of the Dungeon.
             The game lasted 00:19:18 (5937 turns).

Foic the Grappler (Troll Gladiator)                 Turns: 5937, Time: 00:19:19

Health: -1/87      AC:  7    Str: 24    XL:     9   Next: 59%
Magic:  8/8        EV: 14    Int:  8    God:
Gold:   309        SH:  0    Dex: 16    Spells: 8/8 levels left

rFire    . . .     SeeInvis .     - Unarmed
rCold    . . .     Gourm    +   (no shield)
rNeg     . . .     Faith    .   a - +0 robe
rPois    .         Spirit   .   b - +1 hat
rElec    .         Reflect  .   (no cloak)
rCorr    .         Harm     .   (gloves unavailable)
MR       .....                  (boots unavailable)
Stlth    +.........             (no amulet)
HPRegen  0.64/turn              q - +4 ring of intelligence
MPRegen  0.11/turn              (no ring)

@: slowed, very slow
A: large, unfitting armour, claws 3, talons 1, agile 1, fast metabolism 3,
gourmand, regeneration 1, shaggy fur 1, tough skin 3, subdued magic 1
a: no special abilities


You were on level 7 of the Dungeon.
You were full.

You visited 2 branches of the dungeon, and saw 8 of its levels.

You collected 309 gold pieces.

Inventory:

Hand Weapons
 g - a +0 hunting sling
 v - a +2 trident of venom
 C - a +0 flail
Missiles
 c - 4 throwing nets
 j - 136 stones
 k - 63 sling bullets
 p - 8 tomahawks (quivered)
 t - 6 poisoned needles
 y - 3 poisoned javelins
Armour
 a - a +0 robe (worn)
 b - a +1 hat (worn)
Jewellery
 q - a +4 ring of intelligence (left claw)
 s - an uncursed ring of fire
Wands
 w - a wand of digging (5)
Scrolls
 e - 4 scrolls of identify
 h - 2 scrolls of fear
 m - a scroll of immolation {unknown}
 n - a scroll of magic mapping {unknown}
 u - a scroll of amnesia {unknown}
 x - a scroll of noise {unknown}
 z - 3 scrolls of remove curse {unknown}
Potions
 f - a potion of agility
 o - 2 potions of curing
 r - a potion of resistance
 A - 2 potions of flight
Comestibles
 d - 23 rations
 l - 2 chunks of flesh


   Skills:
 * Level 4.9 Fighting
 + Level 2.4 Throwing
 * Level 6.9 Dodging
 + Level 9.9 Unarmed Combat


You had 8 spell levels left.
You didn't know any spells.
Your spell library was empty.

Dungeon Overview and Level Annotations

Branches:
Dungeon (7/15)             Temple (1/1) D:5

Altars:
Ashenzari
Dithmenos
Elyvilon
Fedhas
Gozag
Hepliaklqana
Kikubaaqudgha
Makhleb
Nemelex Xobeh
Okawaru
Trog
Uskayaw
Vehumet
Xom
Yredelemnul
Zin
The Shining One

Shops:
D:4 }   D:7 %


Innate Abilities, Weirdness & Mutations

You are too large for most types of armour.
You have claws for hands.
Your metabolism is lightning-fast.
You like to eat raw meat.
Your natural rate of healing is unusually fast.
You are covered in fur. (AC +1)
You have extremely tough skin. (AC +3)
You have sharp toenails.
You are agile. (Dex +2)
Your spells are a little easier to cast, but a little less powerful.


Message History

* * * LOW HITPOINT WARNING * * *
Your surroundings seem slightly different.
You feel sick.
The orc wizard mumbles some strange words.
The orc wizard blinks!
Okay, then.
You feel sick.
The orc wizard casts a spell.
The orc wizard blinks!
The orc wizard gestures wildly while chanting.
The orc wizard blinks!
The orc wizard gestures wildly while chanting.
The orc wizard seems to speed up.
You feel better.
The orc wizard gestures wildly while chanting.
The orc wizard blinks!
The bullfrog hits you.
* * * LOW HITPOINT WARNING * * *
The killer bee closely misses you. The killer bee stings you!
You die...

##### #. #...# #.
####'#.######.
#..'∩'........
#..#+#........
#.....÷....... #
###########.......
#.#...#######.......
#..@yo......(..§....
###.F.....o.....####
#...o.........'.).
##.........§...#...
#..............###'
#..............#...
#....(.........#...
#.(.........#######
#............#


You could see a bullfrog, a killer bee and 3 orc wizards.

Vanquished Creatures
  2 hippogriffs
  A human (D:7)
  4 hogs (D:6)
  Duvessa (D:7)
  An orc warrior (D:6)
  2 ice beasts
  A centaur (D:5)
  Blork the orc (D:4)
  5 bullfrogs
  Dowan (D:7)
  A scorpion (D:6)
  4 killer bees (D:7)
  A howler monkey (D:5)
  2 centaur zombies
  A crimson imp (D:6)
  2 orc priests
  4 hounds
  2 jellies
  4 orc wizards
  Terence (D:2)
  3 iguanas
  6 worker ants
  A howler monkey skeleton (D:5)
  7 adders
  An ooze (D:4)
  An adder skeleton (D:4)
  5 worms
  4 dart slugs
  A leopard gecko (D:4)
  15 orcs
  9 bats
  6 giant cockroaches
  8 goblins
  8 hobgoblins
  7 jackals
  6 quokkas
  A ball python (D:1)
  A ball python skeleton (D:4)
  5 frilled lizards
  8 kobolds
  4 rats
148 creatures vanquished.

Vanquished Creatures (others)
  An orc wizard (D:7)
1 creature vanquished.

Grand Total: 149 creatures vanquished

Notes
Turn   | Place    | Note
-------+----------+-------------------------------------------
     0 | D:1      | Foic the Troll Gladiator began the quest for the Orb.
     0 | D:1      | Reached XP level 1. HP: 19/19 MP: 0/0
   189 | D:1      | Reached XP level 2. HP: 27/27 MP: 1/1
   840 | D:2      | Reached XP level 3. HP: 35/35 MP: 2/2
  1461 | D:2      | Noticed Terence
  1465 | D:2      | Killed Terence
  1465 | D:2      | Reached skill level 4 in Unarmed Combat
  1465 | D:2      | Reached XP level 4. HP: 39/42 MP: 3/3
  1469 | D:2      | Found an iron altar of Okawaru.
  2029 | D:3      | You fall through a shaft for 3 floors!
  2052 | D:6      | Reached XP level 5. HP: 19/49 MP: 4/4
  2267 | D:5      | Entered Level 5 of the Dungeon
  2321 | D:5      | Reached XP level 6. HP: 41/59 MP: 5/5
  2397 | D:5      | Reached skill level 5 in Unarmed Combat
  2416 | D:5      | Noticed a hippogriff
  2429 | D:5      | HP: 2/59 [hippogriff (7)]
  2430 | D:5      | Killed a hippogriff
  2430 | D:5      | Reached XP level 7. HP: 3/66 MP: 6/6
  2431 | D:5      | Gained mutation: Your spells are a little easier to cast,
                  | but a little less powerful. [potion of mutation]
  2431 | D:5      | Gained mutation: You are agile. (Dex +2) [potion of
                  | mutation]
  2431 | D:5      | Gained mutation: You have sharp toenails. [potion of
                  | mutation]
  2482 | D:4      | Noticed Blork the orc
  2494 | D:4      | Killed Blork the orc
  2585 | D:4      | Reached skill level 6 in Unarmed Combat
  2637 | D:4      | Reached skill level 5 in Dodging
  3159 | D:4      | Found a bloodstained altar of Trog.
  3569 | D:4      | Found a radiant altar of Vehumet.
  3870 | D:4      | Found Juakkipo's Gadget Shoppe.
  3955 | D:5      | Reached skill level 7 in Unarmed Combat
  3955 | D:5      | Reached XP level 8. HP: 62/75 MP: 7/7
  3962 | D:5      | Found a shattered altar of Ashenzari.
  4284 | D:5      | Found a staircase to the Ecumenical Temple.
  4299 | Temple   | Entered the Ecumenical Temple
  4483 | D:5      | Found a blossoming altar of Fedhas.
  4918 | D:6      | Reached skill level 8 in Unarmed Combat
  5337 | D:7      | Noticed Duvessa
  5337 | D:7      | Noticed Dowan
  5342 | D:7      | Noticed a hippogriff
  5344 | D:7      | Killed Duvessa
  5345 | D:7      | Killed Dowan
  5348 | D:7      | Killed a hippogriff
  5348 | D:7      | Reached XP level 9. HP: 41/84 MP: 8/8
  5480 | D:7      | Reached skill level 9 in Unarmed Combat
  5839 | D:7      | Found Qegolecs's Food Boutique.
  5932 | D:7      | HP: 4/87 [orc wizard/magic dart (5)]
  5937 | D:7      | Slain by a killer bee

Skill      XL: |  1  2  3  4  5  6  7  8  9 |
---------------+----------------------------+-----
Fighting       | 2 3 4 |  4.9
Dodging        | 3 4 5 6 |  6.9
Unarmed Combat | 4 5 7 8 9 |  9.9
Throwing       | 2 |  2.4

Action                   |  1- 3 |  4- 6 |  7- 9 || total
-------------------------+-------+-------+-------++-------
Melee: Unarmed           |   103 |    97 |   207 ||   407
       Punch             |       |     2 |     3 ||     5
       Kick              |       |       |    67 ||    67
Throw: Stone             |       |    13 |       ||    13
       Tomahawk          |       |     2 |       ||     2
  Use: Scroll            |     1 |       |     5 ||     6
       Potion            |       |     3 |     8 ||    11
 Stab: Distracted        |     1 |       |     1 ||     2
       Sleeping          |     1 |     1 |       ||     2
  Eat: Chunk             |    19 |     9 |    29 ||    57
Armor: Robe              |    44 |    33 |    59 ||   136
Dodge: Dodged            |    50 |    62 |   143 ||   255
